 Dungeon Crawl Stone Soup version 0.18-a0-1574-g3f9d221 (webtiles) character file.

1288 Oddball22 the Caller (level 8, 0/46 HPs)
             Began as an Octopode Summoner on Mar 16, 2016.
             Was a Follower of Sif Muna.
             Slain by an orc
             ... wielding a +0 hand axe
              (5 damage)
             ... on level 6 of the Dungeon.
             The game lasted 00:21:28 (8359 turns).

Oddball22 the Caller (Octopode Summoner)            Turns: 8359, Time: 00:21:28

Health: 0/46       AC:  1    Str:  8    XL:     8   Next: 55%
Magic:  19/25      EV: 13    Int: 24    God:    Sif Muna [*.....]
Gold:   287        SH:  0    Dex: 12    Spells: 6 memorised, 1 level left

rFire  . . .     SeeInvis .     u - +0 dagger (chaos)
rCold  . . .     Gourm    .     (no shield)
rNeg   . . .     Faith    +     (helmet restricted)
rPois  .         Spirit   .     E - amulet of faith
rElec  .         Dismiss  .     k - ring of stealth
rCorr  .         Reflect  .     x - ring of magical power
SustAt .         Harm     .     (no ring)
MR     .....                    (no ring)
Stlth  ++++......               (no ring)
                                (no ring)
                                (no ring)
                                (no ring)

@: brilliant, flying, not resistant to hostile enchantments, stealthy
A: almost no armour, amphibious, 8 rings, constrict 8, camouflage 1, gelatinous
body 1
a: Channel Energy, Renounce Religion


You were on level 6 of the Dungeon.
You worshipped Sif Muna.
Sif Muna was aware of your devotion.
You were hungry.

You visited 2 branches of the dungeon, and saw 7 of its levels.

You collected 287 gold pieces.

Inventory:

Hand Weapons
 i - a +2 short sword of freezing
 t - a +0 spear of chaos
 u - a +0 dagger of chaos (weapon)
 v - a +0 club of chaos
 B - a +2 dagger of holy wrath
Missiles
 n - 51 arrows
 p - 44 bolts
 Q - 19 arrows of frost
Armour
 y - a +3 large shield
Jewellery
 k - a ring of stealth (left tentacle)
 x - a ring of magical power (right tentacle)
 E - an amulet of faith (around mantle)
 T - an uncursed amulet of regeneration {unknown}
Wands
 s - a wand of flame (20/48)
 w - a wand of slowing (29/48)
 L - a wand of iceblast (8/15)
 O - a wand of acid (9/15)
 R - a wand of slowing (20/48)
Scrolls
 d - 9 scrolls of identify
 g - 2 scrolls of remove curse
 j - 3 scrolls of teleportation
 m - a scroll of random uselessness {unknown}
 o - 2 scrolls of enchant armour
 q - a scroll of amnesia {unknown}
 r - 2 scrolls of magic mapping {unknown}
 D - 2 scrolls of recharging {unknown}
 F - a scroll of blinking {unknown}
 G - a scroll of enchant weapon {unknown}
 H - a scroll of torment {unknown}
 K - a scroll of noise {unknown}
 N - a scroll of immolation {unknown}
Potions
 c - 2 potions of cure mutation {unknown}
 e - 2 potions of haste {unknown}
 h - 2 potions of flight
 l - 2 potions of lignification
 C - a potion of brilliance
 M - a potion of agility {unknown}
 P - 3 potions of curing
 S - a potion of mutation {unknown}
 U - a potion of might {unknown}
 V - a potion of magic {unknown}
Books
 a - a book of Callings

   Spells                             Type                      Level
   a - Summon Small Mammal            Summoning                    1
   b - Call Imp                       Summoning                    2
   c - Call Canine Familiar           Summoning                    3
   d - Summon Guardian Golem          Hexes/Summoning              3
   e - Summon Lightning Spire         Summoning/Air                4
   f - Summon Ice Beast               Ice/Summoning                4
Comestibles
 b - 7 bread rations
 f - a royal jelly
 z - 3 meat rations
 A - 5 fruits
 I - 2 beef jerkies


   Skills:
 - Level 4.3 Dodging
 - Level 2.8 Stealth
 - Level 5.5 Spellcasting
 + Level 2.4 Hexes
 * Level 7.2 Summonings
 + Level 2.7 Air Magic


You had one spell level left.
You knew the following spells:

 Your Spells              Type           Power        Failure   Level  Hunger
a - Summon Small Mammal   Summ           ####         1%          1    None
b - Call Imp              Summ           ######..     1%          2    None
c - Call Canine Familiar  Summ           ######..     1%          3    #......
d - Summon Guardian Gole  Hex/Summ       #####...     1%          3    #......
e - Summon Lightning Spi  Summ/Air       #####...     1%          4    ###....
f - Summon Ice Beast      Ice/Summ       #####...     3%          4    ###....


Dungeon Overview and Level Annotations

Branches:
Dungeon (6/15)             Temple (1/1) D:5

Altars:
Ashenzari
Cheibriados
Dithmenos
Elyvilon
Kikubaaqudgha
Makhleb
Nemelex Xobeh
Okawaru
Pakellas
Qazlal
Ru
Sif Muna
Vehumet
Xom
Yredelemnul
The Shining One


Innate Abilities, Weirdness & Mutations

You cannot wear most types of armour.
You are amphibious.
You can wear up to eight rings at the same time.
You can use your tentacles to constrict eight enemies at once.
Your skin changes colour to match your surroundings (Stealth).
Your rubbery body absorbs attacks (AC +1).


Message History

An orc priest comes into view. It is wielding a dagger.
The orc priest shouts!
Your lightning spire shoots out a bolt of lightning at the crimson imp!
The bolt of electricity hits the crimson imp.
The crimson imp dies!
Drink which item? (? for menu, Esc to quit)
It was a potion of flight.
You feel very buoyant.
You fly up into the air.
Drink which item? (? for menu, Esc to quit)
It was a potion of brilliance.
You feel clever all of a sudden.
The orc priest calls down the wrath of Beogh upon you.
Beogh smites you!
* * * LOW HITPOINT WARNING * * *
The orc priest casts a cantrip, but nothing happens.
You completely miss the orc. You grab the orc.
You are no longer corroded.
You constrict the orc. The orc hits you with a hand axe.
You die...

##..#.# ##.....##
#....# ##...## .#
#o#### ##'## .# #.#
#.# ##.# #.# #.#
.#.# #.# #####.##
.#.# #.#
##.##...##### .#.#
#.######...........#
.#.#
#8o@.......#...###.#
...#
########...##.## #..
.### ######.# ### .#
#.# .# #.# .# #.# ##
#.# #.# #########
#.#


You could see an orc and a friendly lightning spire.

Vanquished Creatures
  Grinder (D:3)
  Edmund (D:6)
  A phantom (D:4)
  A giant frog (D:6)
  A scorpion (D:6)
  2 crimson imps
  A centaur zombie (D:6)
  A giant frog zombie (D:6)
  2 hounds
  3 worker ants
  A hound skeleton (D:4)
  A gnoll (D:2)
  3 adders
  An ooze (D:2)
  2 adder skeletons
  3 worms
  2 dart slugs
  A giant gecko (D:6)
  9 orcs
  9 bats
  7 giant cockroaches
  8 goblins
  4 hobgoblins
  9 kobolds
  2 quokkas
  3 giant newts
  11 rats
90 creatures vanquished.

Vanquished Creatures (collateral kills)
  Menkaure (D:4)
  An orc warrior (D:6)
  2 ogres
  2 scorpions
  2 crimson imps
  An orc priest (D:6)
  A jelly (D:5)
  A hound (D:5)
  A giant frog skeleton (D:5)
  Jessica (D:3)
  2 orc wizards
  An iguana (D:6)
  5 worker ants
  3 gnolls (D:2)
  3 adders
  3 worms
  A dart slug (D:1)
  4 orcs
  A bat (D:2)
  2 giant cockroaches
  3 goblins
  2 hobgoblins (D:2)
  2 kobolds
  A quokka (D:6)
  A giant newt (D:5)
47 creatures vanquished.

Grand Total: 137 creatures vanquished

Notes
Turn   | Place    | Note
--------------------------------------------------------------
     0 | D:1      | Oddball22 the Octopode Summoner began the quest for the Orb.
     0 | D:1      | Reached XP level 1. HP: 11/11 MP: 3/3
   212 | D:1      | Reached XP level 2. HP: 7/17 MP: 5/5
   408 | D:1      | Learned a level 2 spell: Call Imp
  1287 | D:1      | Reached XP level 3. HP: 21/21 MP: 7/7
  1715 | D:2      | Found a snail-covered altar of Cheibriados.
  2213 | D:2      | Found a burning altar of Makhleb.
  2213 | D:2      | Noticed a green death
  2226 | D:2      | Reached XP level 4. HP: 24/27 MP: 8/8
  2234 | D:2      | Learned a level 3 spell: Call Canine Familiar
  2238 | D:2      | Learned a level 3 spell: Summon Guardian Golem
  2476 | D:2      | Found a sparkling altar of Nemelex Xobeh.
  2694 | D:2      | Found a shimmering altar of Xom.
  2762 | D:2      | Found a glowing golden altar of the Shining One.
  2827 | D:2      | Reached XP level 5. HP: 29/31 MP: 10/10
  2835 | D:2      | Found an ancient bone altar of Kikubaaqudgha.
  3276 | D:3      | Noticed Grinder
  3341 | D:3      | Killed Grinder
  3341 | D:3      | Reached skill level 5 in Summonings
  3341 | D:3      | Reached XP level 6. HP: 20/36 MP: 4/12
  3347 | D:3      | Learned a level 4 spell: Summon Lightning Spire
  3483 | D:3      | Found an oddly glowing altar of Pakellas.
  3499 | D:3      | Noticed Jessica
  3510 | D:3      | Killed Jessica
  3553 | D:3      | Found a white marble altar of Elyvilon.
  4679 | D:4      | Reached skill level 5 in Spellcasting
  4738 | D:4      | Reached XP level 7. HP: 15/41 MP: 14/14
  4957 | D:4      | Noticed Menkaure
  4970 | D:4      | Killed Menkaure
  5901 | D:5      | Entered Level 5 of the Dungeon
  6051 | D:5      | Found a staircase to the Ecumenical Temple.
  6072 | Temple   | Entered the Ecumenical Temple
  6194 | Temple   | Became a worshipper of Sif Muna the Loreminder
  6238 | D:5      | Learned a level 4 spell: Summon Ice Beast
  6544 | D:5      | Reached skill level 1 in Air Magic
  6570 | D:5      | Reached skill level 1 in Hexes
  6570 | D:5      | Reached skill level 6 in Summonings
  6994 | D:5      | Reached XP level 8. HP: 40/46 MP: 16/16
  7175 | D:6      | Reached * piety under Sif Muna
  7942 | D:6      | Reached skill level 7 in Summonings
  7992 | D:6      | Noticed Edmund
  8001 | D:6      | Killed Edmund
  8359 | D:6      | Slain by an orc

Vault maps used:
D:1:      onia_arrival_larder, hex_tiny
D:2:      tgw_xom, tso_metal_star, cheibriados_altar_1,
          lemuel_coloured_pillars_altar, makhleb_altar_promises_db,
          nicolae_overflow_crystal_walls, hex_medium
D:3:      elyvilon_altar_1, lemuel_crystal_altar, uniq_grinder, uniq_jessica
D:4:      uniq_menkaure
D:5:      temple_fountains, first_bread
D:6:      amethyst_overflow_temple_binary, uniq_edmund
Temple:   jpeg_temple_alley_garden_8

Skill      XL: |  1  2  3  4  5  6  7  8 |
---------------+-------------------------+-----
Spellcasting   | 3 4 5 |  5.5
Dodging        | 3 4 |  4.3
Summonings     | 5 6 7 |  7.2
Air Magic      | 1 2 |  2.7
Hexes          | 1 2 |  2.4
Stealth        | |  2.8

Action                   |  1- 3 |  4- 6 |  7- 9 || total
-------------------------+-------+-------+-------++-------
Melee: Unarmed           |   107 |    21 |       ||   128
       Spear             |       |    55 |    19 ||    74
       Club              |       |     8 |       ||     8
       Dagger            |       |    52 |    63 ||   115
       Quarterstaff      |       |       |     4 ||     4
 Cast: Call Imp          |     9 |    15 |     7 ||    31
       Summon Small Mamm |       |     1 |       ||     1
       Call Canine Famil |       |     6 |    22 ||    28
       Summon Lightning  |       |       |     9 ||     9
       Summon Ice Beast  |       |       |     2 ||     2
  Use: Scroll            |       |       |     6 ||     6
       Potion            |       |       |     3 ||     3
 Stab: Sleeping          |    12 |     7 |     4 ||    23
       Distracted        |       |     1 |     2 ||     3
  Eat: Chunk             |     5 |     9 |    13 ||    27
